 Dungeon Crawl Stone Soup version 0.29-a0-717-g6dac4ea423 (webtiles) character file.

Game seed: 15442836317098204425

189 crusatyr the Chiller (level 5, -1/35 HPs)
             Began as a Merfolk Ice Elementalist on June 27, 2022.
             Succumbed to an adder's poison
             ... on level 4 of the Dungeon.
             The game lasted 00:07:03 (4159 turns).

crusatyr the Chiller (Merfolk Ice Elementalist)     Turns: 4159, Time: 00:07:03

Health: -1/35      AC:  2    Str:  8    XL:     5   Next: 68%
Magic:  9/9        EV: 13    Int: 17    God:
Gold:   144        SH:  0    Dex: 14    Spells: 8/9 levels left

rFire   . . .      SeeInvis .   w - +0 trident
rCold   + + .      Faith    .   (no shield)
rNeg    . . .      Spirit   .   a - +0 robe
rPois   +          Reflect  .   (no helmet)
rElec   +          Harm     .   (no cloak)
rCorr   +          Rampage  .   (no gloves)
Will    .....                   (no boots)
Stlth   ++........              (no amulet)
HPRegen 0.11/turn               g - ring of ice
MPRegen 0.11/turn               (no ring)

@: lethally poisoned (-1 -> -8), resistant, flying
A: (nimble swimmer 2), mertail
a: no special abilities


You were on level 4 of the Dungeon.
You visited 1 branch of the dungeon, and saw 4 of its levels.

You collected 144 gold pieces.

Inventory:

Hand Weapons
 d - a +0 short sword
 l - a +0 spear
 w - a +0 trident (weapon)
Missiles
 h - 11 poisoned darts
 k - 2 datura-tipped darts
Armour
 a - a +0 robe (worn)
Jewellery
 g - a ring of ice (left hand)
 n - a ring of fire
Scrolls
 i - 2 scrolls of torment {unknown}
 j - 2 scrolls of fog {unknown}
 m - 4 scrolls of identify {unknown}
 o - 2 scrolls of enchant weapon {unknown}
 q - a scroll of fear {unknown}
 r - 2 scrolls of teleportation {unknown}
 t - a scroll of enchant armour {unknown}
 v - a scroll of noise {unknown}
Potions
 b - a potion of magic
 p - a potion of flight
 s - 2 potions of heal wounds {unknown}
 u - a potion of invisibility {unknown}


   Skills:
 * Level 3.5 Polearms
 + Level 3.8 Dodging
 + Level 3.3 Stealth
 + Level 2.7 Spellcasting
 + Level 5.2 Ice Magic


You had 8 spell levels left.
You knew the following spells:

 Your Spells              Type           Power      Damage    Failure   Level
a - Freeze                Ice            100%       1d11      2%          1

Your spell library contained the following spells:

 Spells                   Type           Power      Damage    Failure   Level
 Frozen Ramparts          Ice            60%        1d8       6%          3
 Ozocubu's Armour         Ice            30%        N/A       6%          3
 Hailstorm                Conj/Ice       16%        3d6       52%         4


Dungeon Overview and Level Annotations

Branches:
Dungeon (4/15)
 Temple: D:4-7

Altars:

Annotations:
D:4 Sigmund


Innate Abilities, Weirdness & Mutations

((You are very nimble when in or above water. (Stealth+, EV+, Speed+++)))
Your lower body shifts to a powerful aquatic tail in water.


Message History

The adder bites you but does no damage.
You see here a hobgoblin corpse.
The adder attacks as you move away! The adder misses you. The adder bites you.
The adder attacks as you move away! The adder barely misses you.
The adder bites you.
You are poisoned.
The adder poisons you! The adder attacks as you move away! The adder bites you.
You are more poisoned.
The adder poisons you!
* * * LOW HITPOINT WARNING * * *
You feel very sick. The adder attacks as you move away! The adder bites you.
* * * LOW HITPOINT WARNING * * *
x2 You feel sick.
It was a potion of cancellation.
You feel magically purged.
* * * LOW HITPOINT WARNING * * *
You feel sick. The adder closely misses you. The adder bites you.
* * * LOW HITPOINT WARNING * * *
It was a potion of resistance.
You feel protected.
* * * LOW HITPOINT WARNING * * *
You feel sick. The adder bites you.
* * * LOW HITPOINT WARNING * * *
It was a potion of curing.
You feel better. The adder bites you.
* * * LOW HITPOINT WARNING * * *
The adder attacks as you move away! The adder bites you.
* * * LOW HITPOINT WARNING * * *
You feel better. The adder bites you.
* * * LOW HITPOINT WARNING * * *
The adder bites you.
* * * LOW HITPOINT WARNING * * *
You are lethally poisoned!
The adder poisons you! The hound bites you.
* * * LOW HITPOINT WARNING * * *
It was a potion of flight.
You feel very buoyant.
You fly up into the air.
You die...

#.......g.....
#....#
#...#.########
#.##.#### ## #.#
#.##.# #g# #.##.#
#h# #.##.# #.#
#.##.# #{######
#.##.# #.g†g..#
###.##.#
######.###S@.##.#
#..g.h.....#
.......####.######
######. #.# #. #.#
#. #.# #. #.# ..
..# #. ###


You could see a hound, an adder and a goblin.

Vanquished Creatures
  A howler monkey (D:3)
  A hound (D:4)
  A gnoll (D:3)
  5 adders
  A worm (D:3)
  2 dart slugs
  4 endoplasms
  2 giant cockroaches
  2 goblins
  7 hobgoblins
  A quokka (D:3)
  9 ball pythons
  6 bats
  5 frilled lizards
  12 kobolds
  4 rats
63 creatures vanquished.

Notes
Turn   | Place    | Note
-------+----------+-------------------------------------------
     0 | D:1      | crusatyr the Merfolk Ice Elementalist began the quest for
                  | the Orb.
     0 | D:1      | Reached XP level 1. HP: 13/13 MP: 3/3
    94 | D:1      | Found a faded altar of an unknown god.
   253 | D:1      | Reached XP level 2. HP: 8/19 MP: 1/5
  1394 | D:2      | Reached skill level 1 in Polearms
  1394 | D:2      | Reached XP level 3. HP: 12/24 MP: 2/6
  2599 | D:3      | Reached XP level 4. HP: 29/30 MP: 7/7
  2862 | D:3      | Reached skill level 5 in Ice Magic
  3339 | D:3      | Reached XP level 5. HP: 21/35 MP: 5/8
  4136 | D:4      | Noticed Sigmund
  4155 | D:4      | HP: 1/35 [adder (1)]
  4159 | D:4      | Succumbed to an adder's poison

Illustrated notes

Levels and vault maps discovered:
D:1:      nicolae_arrival_memento_mori, layout_basic,
          hellmonk_ecumenical_altar_arch_garden, nrook_mini_vaults,
          nrook_campfire, minmay_misc_feat_ornament
D:2:      layout_basic, dreamdust_princess_bridge, st_stairs_14,
          kennysheep_generic_room_2
D:3:      layout_basic, serial_corexii_hall, corexii_hall_statues_x,
          chequers_hall_statues_corner_a, corexii_hall_statues_i, minmay_vboxes
D:4:      minmay_clustersquares, layout_loops_ring, minitemple, uniq_sigmund

Skill      XL: |  1  2  3  4 |
---------------+-------------+-----
Dodging        | 3 |  3.8
Polearms       | 1 3 |  3.5
Stealth        | 3 |  3.3
Ice Magic      | 5 |  5.2
Spellcasting   | |  2.7

Action                   |  1- 3 |  4- 6 || total
-------------------------+-------+-------++-------
Melee: Short sword       |    20 |       ||    20
       Unarmed           |     5 |       ||     5
       Spear             |   103 |    57 ||   160
       Punch             |       |     2 ||     2
       Trident           |       |    16 ||    16
 Cast: Freeze            |    10 |    14 ||    24
  Use: Potion            |       |     5 ||     5
 Stab: Sleeping          |     7 |     7 ||    14
Armor: Robe              |    21 |     6 ||    27
Dodge: Dodged            |    95 |    57 ||   152

Table legend: (Time is in decaauts)
 A = Elapsed time spent in this place.
 B = Non-inter-level travel time spent in this place.
 C = Inter-level travel time spent in this place.
 D = Time resting spent in this place.
 E = Time spent auto-exploring this place.
 F = Levels seen in this place.
 G = Mean time per level.
                   A        B        C        D        E       F      G
               +--------+--------+--------+--------+--------+-----+--------+
         Total |   4159 |   4015 |    144 |    191 |   3142 |   4 | 1039.8 |
       Dungeon |   4159 |   4015 |    144 |    191 |   3142 |   4 | 1039.8 |
               +--------+--------+--------+--------+--------+-----+--------+

Top non-repeatable levels by time:
     D:3: 1410 daAuts
     D:1: 1284 daAuts
     D:2: 1273 daAuts
     D:4: 190 daAuts
